Map: Port Aleksander LE

Players

Leenock - Winner!

  • Race: Zerg Zerg
  • Spawn Location: 11:00

MaNa

  • Race: Protoss Protoss
  • Spawn Location: 5:00

Event: IEM Season 13: Katowice (2019)

VOD

Have the link to the VOD?

Description

Time

  • Played on: Feb. 25, 2019, 5:06 a.m.
  • Length: 11:02

All games in this series

Show
View Real Time Build Order
Export as new Build Order

Leenock Zerg - Winner!

Build Orders: Pool First 

Get SALT Encoding   

  12  0:00  Drone  
  13  0:12  Overlord  
  13  0:18  Drone  
  14  0:30  Drone x2  
  14  0:34  Drone  
  17  0:51  Drone  
  17  0:53  Spawning Pool  
  17  0:56  Drone  
  18  1:05  Extractor  
  17  1:16  Hatchery  
  16  1:18  Drone  
  16  1:22  Drone  
  18  1:31  Drone  
  19  1:39  Zergling x2  
  20  1:40  Queen  
  22  1:49  Overlord  
  22  2:08  Metabolic Boost, Drone  
  22  2:11  Drone  
  24  2:15  Queen  
  24  2:22  Drone  
  27  2:29  Queen, Drone  
  30  2:36  Overlord  
  30  2:39  Drone  
  31  2:50  Zergling x8  
  35  2:55  Lair  
  35  3:04  Zergling x4  
  36  3:08  Queen  
  38  3:14  Overlord  
  38  3:17  Zergling x2  
  38  3:18  Zergling x2  
  40  3:20  Zergling x2  
  40  3:23  Zergling x2  
  40  3:26  Zergling x2  
  43  3:32  Zergling x2  
  43  3:33  Zergling x4  
  45  3:45  Zergling x10  
  50  3:56  Nydus Network  
  50  4:01  Zergling x6  
  51  4:04  Overseer  
  48  4:12  Zergling x4  
  50  4:22  Zergling x4  
  51  4:34  Nydus Canal  
  51  4:36  Zergling x2  
  52  4:43  Zergling x2  
  51  4:46  Zergling x2  
  51  4:48  Nydus Canal  
  51  5:03  Zergling x2  
  51  5:05  Zergling x2  
  52  5:15  Overlord  
  52  5:16  Overlord  
  52  5:27  Hatchery  
  51  5:32  Overlord  
  51  5:33  Drone  
  51  5:35  Drone  
  53  5:40  Drone  
  53  5:44  Drone x2  
  53  5:46  Drone  
  56  5:52  Drone  
  57  5:57  Drone  
  57  6:01  Overseer  
  58  6:05  Spore Crawler x2  
  58  6:06  Drone  
  58  6:07  Drone  
  58  6:08  Drone x2, Roach Warren  
  58  6:09  Extractor, Drone  
  58  6:10  Extractor  
  58  6:17  Drone  
  58  6:18  Drone x3  
  62  6:21  Drone  
  63  6:28  Overlord  
  63  6:39  Overlord  
  63  6:48  Roach  
  63  6:49  Roach x6, Glial Reconstitution  
  63  6:51  Drone  
  78  6:56  Roach  
  78  6:57  Roach  
  78  6:59  Drone  
  82  7:11  Roach  
  82  7:12  Roach x3  
  82  7:14  Drone x2  
  92  7:23  Drone x2  
  92  7:26  Nydus Canal  
  94  7:30  Drone  
  94  7:31  Drone  
  94  7:33  Overlord, Drone  
  97  7:38  Overlord  
  97  7:39  Overlord  
  97  7:44  Overseer  
  97  7:46  Overlord  
  95  7:54  Roach x4  
  95  7:58  Roach  
  102  8:02  Roach  
  100  8:08  Drone x2  
  102  8:13  Drone  
  102  8:19  Overlord  
  99  8:26  Queen  
  99  8:35  Ravager  
  99  8:36  Ravager x2  
  100  8:44  Roach  
  100  8:45  Roach x4  
  103  8:50  Roach  
  103  8:51  Roach x2  
  107  9:00  Overlord  
  107  9:01  Queen  
  109  9:04  Roach  
  109  9:09  Roach  
  112  9:10  Roach  
  112  9:11  Roach  
  112  9:14  Overlord  
  109  9:29  Roach  
  109  9:30  Roach x3  
  109  9:31  Roach  
  101  9:39  Zergling x8  
  101  9:42  Zergling x2  
  100  9:46  Zergling x4  
  100  9:48  Roach  
  100  9:49  Zergling x4  
  100  9:52  Zergling x2  
  101  9:57  Extractor  
  101  9:58  Drone x2  
  102  10:02  Ravager x2  
  102  10:06  Ravager  
  105  10:08  Overlord  
  105  10:09  Drone x2  
  107  10:14  Overlord  
  107  10:16  Ravager  
  107  10:17  Ravager  
  107  10:19  Drone  
  107  10:20  Drone  
  101  10:43  Roach x7  
Show
View Real Time Build Order
Export as new Build Order

MaNa Protoss 

Build Orders: Archon Immortal 

Get SALT Encoding   

  12  0:00  Probe  
  13  0:12  Probe  
  14  0:17  Pylon  
  14  0:23  Probe  
  15  0:32  Probe  
  15  0:40  Probe  
  17  0:58  Pylon  
  17  1:08  Nexus  
  17  1:17  Gateway, Probe  
  18  1:23  Assimilator  
  18  1:25  Probe  
  18  1:31  Assimilator  
  19  1:33  Probe  
  20  1:44  Probe  
  21  1:53  Pylon  
  21  1:56  Probe  
  22  2:04  Probe, Cybernetics Core  
  23  2:12  Probe  
  23  2:20  Probe  
  25  2:22  Probe  
  26  2:30  Stalker  
  26  2:33  Probe  
  26  2:35  Probe  
  27  2:41  Robotics Facility  
  29  2:45  Probe  
  29  2:46  Warp Gate  
  29  2:47  Probe  
  31  2:57  Pylon, Probe  
  32  2:59  Probe  
  32  3:00  Sentry  
  35  3:09  Probe  
  35  3:10  Gateway  
  35  3:11  Probe  
  37  3:18  Immortal, Assimilator  
  37  3:21  Probe  
  37  3:23  Probe  
  39  3:33  Probe  
  44  3:35  Probe  
  44  3:41  Shield Battery  
  45  3:44  Pylon  
  45  3:49  Pylon  
  45  3:54  Pylon  
  45  3:58  Observer  
  35  4:02  Adept  
  46  4:04  Pylon  
  46  4:07  Probe  
  46  4:08  Twilight Council  
  49  4:11  Immortal  
  49  4:17  Gateway  
  49  4:23  Probe  
  54  4:24  Probe  
  55  4:33  Assimilator  
  55  4:35  Probe  
  55  4:36  Probe  
  57  4:40  Adept  
  58  4:58  Shield Battery  
  55  5:05  Shield Battery  
  55  5:06  Shield Battery  
  50  5:10  Dark Shrine  
  50  5:12  Sentry  
  52  5:19  Robotics Facility  
  52  5:26  Probe  
  52  5:27  Pylon  
  51  5:35  Pylon  
  51  5:36  Pylon  
  51  5:49  Observer  
  51  5:57  Gateway  
  51  6:00  Gateway  
  51  6:02  Gateway  
  53  6:12  Probe  
  53  6:17  Warp Prism  
  54  6:26  Gateway  
  54  6:48  Probe  
  54  6:53  Dark Templar  
  57  6:55  Dark Templar  
  57  6:56  Dark Templar  
  61  7:08  Observer  
  61  7:22  Dark Templar  
  63  7:24  Nexus  
  63  7:25  Archon x2  
  63  7:26  Pylon  
  63  7:43  Immortal  
  63  7:48  Zealot x2  
  66  8:08  Pylon  
  66  8:09  Pylon  
  66  8:20  Immortal, Dark Templar  
  66  8:22  Dark Templar  
  74  8:36  Archon  
  68  8:51  Immortal  
  64  8:55  Zealot x4  
  64  9:00  Probe  
  72  9:16  Zealot x4  
  78  9:29  Immortal  
  70  9:37  Zealot x4  
  66  10:02  Zealot x3  
  66  10:03  Zealot  
  78  10:18  Pylon  
  78  10:20  Immortal  
  64  10:35  Dark Templar x2  
  64  10:36  Zealot x2  
  64  10:41  Pylon  
  70  10:44  Archon  

Tags
 
Add a new tag
Caveats
  • Supply blocks, unpowered buildings, or Contaminate may cause inaccurate times.
  • Supply counts are checked every 10 seconds.